 Dungeon Crawl Stone Soup version 0.28-a0-1567-g1695149f81 (webtiles) character file.

Game seed: 6030579713489624256

46 riojii the Insei (level 3, -11/23 HPs)
             Began as an Octopode Transmuter on Jan 19, 2022.
             Mangled by a gnoll (14 damage)
             ... on level 2 of the Dungeon.
             The game lasted 00:01:11 (1337 turns).

riojii the Insei (Octopode Transmuter)              Turns: 1337, Time: 00:01:12

Health: -11/23     AC:  1    Str:  9    XL:     3   Next: 66%
Magic:  5/6        EV: 13    Int: 15    God:
Gold:   24         SH:  0    Dex: 14    Spells: 2/6 levels left

rFire   . . .      SeeInvis .     - Unarmed
rCold   . . .      Faith    .   (no shield)
rNeg    . . .      Spirit   .   (helmet currently unavailable)
rPois   .          Reflect  .   (no amulet)
rElec   .          Harm     .   (no ring)
rCorr   .          Rampage  .   (no ring)
Will    .....                   (no ring)
Stlth   ++........              (no ring)
HPRegen 0.07/turn               (no ring)
MPRegen 0.10/turn               (no ring)
                                (no ring)
                                (no ring)

@: appendages
A: tentacle spike 3, almost no armour, amphibious, 8 rings, camouflage 1,
gelatinous body 1, (nimble swimmer 1), tentacles
a: End Transformation


You were on level 2 of the Dungeon.
One of your tentacles had grown a beastly spike.
You visited 1 branch of the dungeon, and saw 2 of its levels.

You collected 24 gold pieces.

Inventory:

Scrolls
 a - a scroll of enchant armour {unknown}
 b - 4 scrolls of amnesia {unknown}
 g - a scroll of identify {unknown}
Potions
 c - a potion of lignification {unknown}
 d - a potion of heal wounds {unknown}
 e - a potion of curing {unknown}
 f - a potion of degeneration {unknown}


   Skills:
 + Level 1.3 Fighting
 + Level 2.3 Dodging
 * Level 3.4 Unarmed Combat
 + Level 2.2 Spellcasting
 * Level 2.6 Transmutations
 * Level 0.5 Poison Magic


You had 2 spell levels left.
You knew the following spells:

 Your Spells              Type           Power      Damage    Failure   Level
a - Beastly Appendage     Tmut           18%        N/A       8%          1
b - Spider Form           Tmut/Pois      6%         N/A       32%         3

Your spell library contained the following spells:

 Spells                   Type           Power      Damage    Failure   Level
 Wereblood                Tmut           9%         N/A       11%         2
 Ice Form                 Ice/Tmut       5%         N/A       77%         4


Dungeon Overview and Level Annotations

Branches:
Dungeon (2/15)

Altars:


Innate Abilities, Weirdness & Mutations

One of your tentacles has grown a beastly spike.
You cannot wear most types of armour.
You are amphibious.
You can wear up to eight rings at the same time.
Your skin changes colour to match your surroundings (Stealth+).
Your rubbery body absorbs attacks. (AC +1, EV +1)
((You are camouflaged when in or above water. (Stealth+)))
You have tentacles for arms and can constrict up to eight enemies at once.


Message History

No target in view!
You feel sick.
Your transformation is almost over.
You feel sick.
You feel sick.
You feel sick.
You are no longer poisoned.
Your tentacle spike disappears.
A gnoll comes into view. It is wielding a +0 halberd.
Found a bubbling white potion.
A gnoll is nearby!
One of your tentacles grows a vicious spike.
A gnoll comes into view. It is wielding a +0 spear.
The gnoll shouts! x2; You hear a shout!
The gnoll barely misses you.
A gnoll comes into view. It is wielding a +0 spear.
The gnoll closely misses you.
You barely miss the gnoll. Your grab misses the gnoll.
You pierce the gnoll.
Your squeeze misses the gnoll.
The gnoll is moderately wounded.
The gnoll hits you from afar with a +0 spear!
You tentacle-slap the gnoll but do no damage.
You grab the gnoll. You squeeze the gnoll.
The gnoll is heavily wounded.
You constrict the gnoll, but do no damage.
The gnoll misses you. The gnoll hits you with a +0 halberd!
Ouch! That really hurt!
* * * LOW HITPOINT WARNING * * *
You are too injured to fight recklessly!
You are too injured to fight recklessly!
You are too injured to fight recklessly!
You are too injured to fight recklessly!
You are too injured to fight recklessly!
You are too injured to fight recklessly!
You are too injured to fight recklessly!
You are too injured to fight recklessly!
You release your grip on the gnoll.
The gnoll hits you from afar with a +0 halberd!
Ouch! That really hurt!
You die...

# # #### # #. ##
g.. # #.. #.###g# .
.... #.#.# #
#....##.@## #
#!......# #
#####...# ## #...#
.## #...# ..### #
###...# ....##
#..##.#...#
.....#####.#......#
............<...###


You could see 2 gnolls.

Vanquished Creatures
  An adder (D:2)
  2 dart slugs (D:1)
  5 ball pythons
  A bat (D:1)
  3 endoplasms
  3 giant cockroaches
  3 hobgoblins (D:1)
  3 jackals (D:2)
  2 quokkas (D:2)
  2 frilled lizards
  A goblin (D:1)
  2 kobolds
  3 rats (D:1)
31 creatures vanquished.

Notes
Turn   | Place    | Note
-------+----------+-------------------------------------------
     0 | D:1      | riojii the Octopode Transmuter began the quest for the Orb.
     0 | D:1      | Reached XP level 1. HP: 13/13 MP: 3/3
   152 | D:1      | Reached XP level 2. HP: 18/18 MP: 3/5
   840 | D:2      | Reached XP level 3. HP: 18/23 MP: 4/6
   850 | D:2      | Learned a level 3 spell: Spider Form
  1337 | D:2      | Mangled by a gnoll

Illustrated notes

Levels and vault maps discovered:
D:1:      matt_arrival_diagonals, layout_rooms
D:2:      layout_loops_ring, kennysheep_generic_room_11, uniq_sigmund

Action                   || total
-------------------------++-------
Melee: Unarmed           ||    57
       Constrict         ||    15
       Kick              ||    19
       Tentacles         ||     9
       Punch             ||     2
 Cast: Beastly Appendage ||    19
 Stab: Sleeping          ||     5
Armor: Skin              ||     3
Dodge: Dodged            ||    27

Table legend: (Time is in decaauts)
 A = Elapsed time spent in this place.
 B = Non-inter-level travel time spent in this place.
 C = Inter-level travel time spent in this place.
 D = Time resting spent in this place.
 E = Time spent auto-exploring this place.
 F = Levels seen in this place.
 G = Mean time per level.
                   A        B        C        D        E       F      G
               +--------+--------+--------+--------+--------+-----+--------+
         Total |   1332 |   1314 |     18 |      0 |   1103 |   2 |  666.0 |
       Dungeon |   1332 |   1314 |     18 |      0 |   1103 |   2 |  666.0 |
               +--------+--------+--------+--------+--------+-----+--------+

Top non-repeatable levels by time:
     D:1: 825 daAuts
     D:2: 507 daAuts
